 Dungeon Crawl Stone Soup version 0.30.1-11-g7821555f0a (webtiles) character file.

Game seed: 11235722838063366828

14 lonewolfV2 the Shield-Bearer (level 2, -3/24 HPs)
             Began as a Formicid Fighter on Nov 9, 2023.
             Succumbed to a goblin's poison
             ... on level 2 of the Dungeon.
             The game lasted 00:00:41 (250 turns).

lonewolfV2 the Shield-Bearer (Formicid Fighter)      Turns: 250, Time: 00:00:42

Health: -3/24      AC:  8    Str: 20    XL:     2   Next: 55%
Magic:  2/2        EV:  9    Int:  7    God:
Gold:   11         SH:  5    Dex: 13    Spells: 1/1 levels left

rFire   . . .        a - +0 war axe
rCold   . . .        c - +0 buckler
rNeg    . . .        b - +0 scale mail
rPois   .            (helmet unavailable)
rElec   .            e - +0 cloak
rCorr   .            (no gloves)
SInv    +            (no boots)
Will    .....        (no amulet) Stlth
                     (no ring)
HPRegen 0.24/turn    (no ring)
MPRegen 0.08/turn

%: no passive effects
@: lethally poisoned (-3 -> -20)
A: permanent stasis, dig shafts and tunnels, antennae 3, four strong arms
a: Dig, Shaft Self


You were on level 2 of the Dungeon.
You visited 1 branch of the dungeon, and saw 2 of its levels.

You collected 11 gold pieces.

Inventory:

Hand Weapons
 a - a +0 war axe (weapon)
Armour
 b - a +0 scale mail (worn)
 c - a +0 buckler (worn)
 e - a +0 cloak (worn)
Scrolls
 f - a scroll of enchant weapon {unknown}
 g - a scroll of noise {unknown}
Potions
 d - a potion of might


   Skills:
 + Level 3.5 Fighting
 - Level 2.0 Axes
 + Level 3.5 Armour
 * Level 1.1 Dodging
 - Level 4.0 Shields


You had one spell level left.
You didn't know any spells.
Your spell library was empty.

Dungeon Overview and Level Annotations

Branches:
Dungeon (2/15)

Altars:


Innate Abilities, Weirdness & Mutations

You cannot be hasted, slowed, berserked, paralysed or teleported.
You can dig through walls and to a lower floor.
You have a pair of large antennae on your head. (SInv)
Your four strong arms can wield two-handed weapons with a shield.


Message History

You kill the rat!
You see here a rat corpse.
Found 5 stones.
A sourceless malevolence fills the Dungeon...
You fall into a shaft and drop 1 floor!
The shaft crumbles and collapses.
Found a scroll labelled ANOTUJ KICSIG.
Found a stone staircase leading down.
g - a scroll labelled ANOTUJ KICSIG
There is a stone staircase leading down here.
Found a clear potion.
Found 5 gold pieces.
A goblin comes into view. It is wielding a +0 dagger of venom.
The goblin shouts!
You closely miss the goblin. The goblin hits you but does no damage.
The goblin hits you but does no damage.
You are poisoned.
A bat comes into view.
You feel very sick.
The goblin hits you with a +0 dagger of venom.
You are more poisoned.
The bat moves out of view.
You feel very sick. The bat hits you but does no damage.
The goblin hits you with a +0 dagger of venom.
You feel very sick. The goblin hits you but does no damage.
You are lethally poisoned!
The bat barely misses you.
You closely miss the goblin. You barely miss the bat.
* * * LOW HITPOINT WARNING * * *
You feel very sick.
The bat hits you but does no damage. x2; The goblin barely misses you.
You completely miss the goblin. You barely miss the bat.
* * * LOW HITPOINT WARNING * * *
You feel very sick. You block the bat's attack.
The goblin hits you but does no damage.
You are more poisoned.
The goblin hits you but does no damage.
You completely miss the goblin. You hit the bat but do no damage.
You die...

....... #.......# .......
#........
.......##......#
#........##......# .#
.........##......###..#
#........##..#........#
......................
##...##.....#gb##.##.#
#........#..#@.#
###..#.....#..#.........
{........>..#!.#.....#...
##........#...........
####........#.##..##.#...
................... .# ..
.###........#...... . .
#...#.#..####..## ..
........#..#


You could see a goblin and a bat.

Vanquished Creatures
  A dart slug (D:1)
  An endoplasm (D:1)
  A giant cockroach (D:1)
  A goblin (D:1)
  3 hobgoblins (D:1)
  A ball python (D:1)
  A frilled lizard (D:1)
  2 rats (D:1)
11 creatures vanquished.

Notes
Turn   | Place    | Note
-------+----------+-------------------------------------------
     0 | D:1      | lonewolfV2 the Formicid Fighter began the quest for the
                  | Orb.
     0 | D:1      | Reached XP level 1. HP: 18/18 MP: 1/1
   120 | D:1      | Reached XP level 2. HP: 24/24 MP: 2/2
   142 | D:1      | Reached skill level 1 in Dodging
   220 | D:1      | You fall into a shaft and drop 1 floor!
   250 | D:2      | Succumbed to a goblin's poison

Illustrated notes

Levels and vault maps discovered:
D:1:      onia_arrival_mini_spirals, layout_loops_cross, serial_shops,
          nicolae_shop_trees
D:2:      layout_basic, serial_shops, shop, uniq_natasha

Skill      XL: |  1  2 |
---------------+-------+-----
Dodging        | 1 |  1.1
Fighting       | |  3.5
Axes           | |  2.0
Armour         | |  3.5
Shields        | |  4.0

Action                     || total
---------------------------++-------
  Melee: War axe           ||    30
 Armour: Scale mail        ||    22
  Dodge: Dodged            ||    13
  Block: Buckler           ||     7
